 Dungeon Crawl Stone Soup version 0.31-a0-214-gb37851dbb3 (webtiles) character file.

Game seed: 7373046422454003581

76 qw the Shooter (level 4, -2/26 HPs)
             Began as a Gargoyle Hexslinger on July 1, 2023.
             Slain by an orc priest
             ... wielding a +0 dagger
              (5 damage)
             ... on level 3 of the Dungeon.
             The game lasted 00:00:47 (2150 turns).

qw the Shooter (Gargoyle Hexslinger)                Turns: 2150, Time: 00:00:47

Health: -2/26      AC: 10    Str: 12    XL:     4   Next: 32%
Magic:  5/5        EV: 10    Int: 13    God:
Gold:   195        SH:  0    Dex: 14    Spells: 4/5 levels left

rFire   . . .        Y - +1 sling
rCold   . . .        (no shield)
rNeg    + . .        a - +0 ring mail
rPois   inf          g - +0 helmet
rElec   +            (no cloak)
rCorr   .            (no gloves)
SInv    .            f - +0 pair of boots
Will    .....        (no amulet)
Stlth   +            (no ring)
HPRegen 0.24/turn    (no ring)
MPRegen 0.09/turn

%: no passive effects
@: no status effects
A: sickness immunity, AC +3, negative energy resistance 1, electricity
resistance, torment resistance 1, petrification resistance
a: no special abilities


You were on level 3 of the Dungeon.
You visited 1 branch of the dungeon, and saw 4 of its levels.

You collected 195 gold pieces.


Innate Abilities, Weirdness & Mutations

You are immune to sickness and miasma.
Your stone body is resilient. (AC +3)
You are immune to poison.
You resist negative energy. (rN+)
You are resistant to electric shocks. (rElec)
You are resistant to unholy torment.
You are immune to petrification.


   Skills:
 - Level 2.0 Fighting
 + Level 3.9 Ranged Weapons
 - Level 1.0 Armour
 - Level 1.5 Dodging
 - Level 1.0 Spellcasting
 - Level 2.6 Hexes


You had 4 spell levels left.
You knew the following spells:

 Your Spells              Type           Power      Damage    Failure   Level
a - Slow                  Hex            28%        N/A       22%         1

Your spell library contained the following spells:

 Spells                   Type           Power      Damage    Failure   Level
 Inner Flame              Hex/Fire       4%         N/A       73%         3
 Portal Projectile        Hex/Tloc       8%         N/A       73%         3
 Cause Fear               Hex            3%         N/A       91%         4

Inventory:

Hand Weapons
 Y - a +1 sling (weapon)
Armour
 a - a +0 ring mail (worn)
 f - a +0 pair of boots (worn)
 g - a +0 helmet (worn)
Potions
 b - a potion of heal wounds {unknown}
 e - a potion of curing {unknown}
 h - a potion of ambrosia {unknown}
 i - a potion of attraction {unknown}
 k - a potion of enlightenment {unknown}

Dungeon Overview and Level Annotations

Branches:
Dungeon (4/15)
 Temple: D:4-7

Altars:
Kikubaaqudgha


Message History

You climb upwards.
There is a stone staircase leading down here.
Enter note:
Enter note:
Enter note:
Enter note:
Enter note:
Enter note:
Enter note:
Enter note:
Enter note: You shoot a sling bullet.
The sling bullet hits the orc priest but does no damage.
The orc priest mumbles some strange prayers to Beogh against you.
Beogh smites you!
The orc priest hits you but does no damage.
You shoot a sling bullet.
The sling bullet closely misses the orc priest.
The orc priest hits you but does no damage.
You shoot a sling bullet. The sling bullet hits the orc priest.
The orc priest is lightly wounded.
The orc priest hits you but does no damage.
You shoot a sling bullet. The sling bullet hits the orc priest.
The orc priest is heavily wounded.
The orc priest hits you but does no damage. x2
You shoot a sling bullet.
The sling bullet barely misses the orc priest.
The orc priest hits you but does no damage.
You shoot a sling bullet.
The sling bullet hits the orc priest but does no damage.
The orc priest is heavily wounded.
The orc priest hits you with a +0 dagger.
You shoot a sling bullet.
The sling bullet barely misses the orc priest.
The orc priest closely misses you.
The orc priest hits you with a +0 dagger.
You shoot a sling bullet. The sling bullet hits the orc priest.
The orc priest is heavily wounded.
The orc priest hits you with a +0 dagger.
You die...

#...).# #.....#
########## #.....#
#........# #.[...# ###
#........# #.....# ..#
#........####.....#
#.###
#........##....)###
#...#
#..........(###..#
###.# #......@.####
##.## #.######......o.#
#..#
###...............#
##.###
.#.....###........#
#...##
...###.:##........#
###..# .###
##.....####### #...#
.######.....# #.###
......#.##..##########
###.#
#.###...##...........##
#...#


You could see an orc priest.

Vanquished Creatures
  An adder (D:2)
  2 worms
  4 dart slugs
  6 endoplasms
  A giant cockroach (D:3)
  5 goblins
  5 hobgoblins
  4 jackals (D:2)
  A quokka (D:3)
  3 ball pythons
  8 bats
  8 frilled lizards
  6 rats
54 creatures vanquished.

Notes
Turn   | Place    | Note
-------+----------+-------------------------------------------
     0 | D:1      | qw the Gargoyle Hexslinger began the quest for the Orb.
     0 | D:1      | Reached XP level 1. HP: 12/12 MP: 2/2
     0 | D:1      | 0 ||| qw: Version: 0.3-a-32-g5962c71
     0 | D:1      | 0 ||| qw: Game counter: 7482
     0 | D:1      | 0 ||| qw: Melee chars always use a shield: true
     0 | D:1      | 0 ||| qw: God list: Okawaru
     0 | D:1      | 0 ||| qw: Allow faded altars: false
     0 | D:1      | 0 ||| qw: Do Orc after clearing Dungeon:15 true
     0 | D:1      | 0 ||| qw: Do second Lair branch before Depths: true
     0 | D:1      | 0 ||| qw: Lair rune preference: random
     0 | D:1      | 0 ||| qw: Goals: Normal
     0 | D:1      | 0 ||| PLANNING D:1-11
     2 | D:1      | Noticed a demonspawn
     2 | D:1      | Noticed a human
     4 | D:1      | Noticed a tengu
     4 | D:1      | Noticed an armataur
     6 | D:1      | Noticed an elf
     6 | D:1      | Noticed a meteoran
     8 | D:1      | Noticed a draconian
     8 | D:1      | Noticed a ghoul
    10 | D:1      | Noticed a merfolk
    12 | D:1      | Noticed a formicid
    12 | D:1      | Noticed a troll
    14 | D:1      | Noticed an ogre
    14 | D:1      | Noticed a vine stalker
    16 | D:1      | Noticed a naga
    18 | D:1      | Noticed a spriggan
    18 | D:1      | Noticed a gargoyle
    20 | D:1      | Noticed an octopode
    20 | D:1      | Noticed a felid
    22 | D:1      | Noticed a minotaur
    22 | D:1      | Noticed a vampire
    24 | D:1      | Noticed an ogre
    26 | D:1      | Noticed a troll
    26 | D:1      | Noticed a demigod
   320 | D:1      | Reached XP level 2. HP: 16/16 MP: 3/3
   367 | D:1      | Found a faded altar of an unknown god.
   445 | D:1      | Reached skill level 3 in Ranged Weapons
   901 | D:1      | 901 ||| UPGRADING to +0 pair of boots.
   906 | D:1      | 906 ||| UPGRADING to +0 helmet.
   911 | D:1      | 911 ||| UPGRADING to +0 leather armour.
   921 | D:1      | 921 ||| DROPPING +0 robe.
   922 | D:1      | 922 ||| READING scroll labelled JAORAH NEDUH.
   923 | D:1      | 923 ||| READING scroll labelled AMOINY WEFRETA.
   924 | D:1      | 924 ||| DROPPING scroll of poison.
   976 | D:2      | Found an ancient bone altar of Kikubaaqudgha.
   986 | D:2      | Reached XP level 3. HP: 21/21 MP: 4/4
  1042 | D:2      | HP: 5/21 [worm (8)]
  1563 | D:2      | 1563 ||| UPGRADING to +0 ring mail.
  1573 | D:2      | 1573 ||| DROPPING +0 leather armour.
  1574 | D:2      | 1574 ||| READING scroll labelled KUIWKA QOCOR.
  1769 | D:3      | Reached XP level 4. HP: 26/26 MP: 5/5
  1787 | D:3      | Reached skill level 1 in Armour
  2063 | D:3      | 2063 ||| READING scroll labelled EFOZANW QAELO.
  2064 | D:3      | 2064 ||| READING scroll labelled COYCIT BACHAU.
  2065 | D:3      | 2065 ||| DRINKING 2 murky emerald potions.
  2093 | D:3      | 2093 ||| DROPPING potion of lignification.
  2141 | D:4      | 2141 ||| STAIRDANCE
  2143 | D:3      | HP: 3/26 [orc priest/divine providence (12)]
  2148 | D:3      | HP: 3/26 [orc priest/+0 dagger (1)]
  2150 | D:3      | Slain by an orc priest

Levels and vault maps discovered:
D:1:      kb_arrival_jail, layout_basic, shapermc_ecumenical_altar_hornbeckon
D:2:      cheibrodos_helix_gallery, layout_loops_ring, basic_altar
D:3:      layout_rooms
D:4:      layout_basic, minmay_manual_mullet

Skill      XL: |  1  2  3  4 |
---------------+-------------+-----
Ranged Weapons | 3 |  3.9
Fighting       | 2 |  2.0
Armour         | 1 |  1.0
Dodging        | |  1.5
Spellcasting   | |  1.0
Hexes          | |  2.6

Action                     |  1- 3 |  4- 6 || total
---------------------------+-------+-------++-------
   Fire: Sling             |   120 |    58 ||   178
    Use: Scroll            |     3 |     2 ||     5
         Potion            |       |     1 ||     1
 Armour: Robe              |    13 |       ||    13
         Leather armour    |    35 |       ||    35
         Ring mail         |       |    12 ||    12
  Dodge: Dodged            |    54 |    15 ||    69

Table legend:
 A = Non-vault XP
 B = Vault XP
 C = Vault XP percentage of total XP
 D = Non-vault monster count
 E = Vault monster count
 F = Vault count percentage of total count
                 A         B        C        D         E       F
            +---------+---------+-------+---------+---------+-------
      Total |     106 |       3 |   2.8 |      52 |       2 |   3.7
            +---------+---------+-------+---------+---------+-------
        D:1 |      32 |       0 |   0.0 |      19 |       0 |   0.0
        D:2 |      39 |       3 |   7.1 |      17 |       2 |  10.5
        D:3 |      33 |       0 |   0.0 |      15 |       0 |   0.0
        D:4 |       2 |       0 |   0.0 |       1 |       0 |   0.0
            +---------+---------+-------+---------+---------+-------
